 Dungeon Crawl Stone Soup version 0.31-a0-859-g9dce7d3444 (webtiles) character file.

Game seed: 18007403593082632729

3347 Joey1 the Cleaver (level 9, -6/79 HPs)
             Began as a Minotaur Berserker on Oct 10, 2023.
             Was an Elder of Trog.
             Killed from afar by an electric eel (10 damage)
             ... with a bolt of electricity
             ... in a bailey.
             The game lasted 00:14:59 (5816 turns).

Joey1 the Cleaver (Minotaur Berserker)              Turns: 5816, Time: 00:15:00

Health: -6/79      AC: 17    Str: 26    XL:     9   Next: 72%
Magic:  8/8        EV:  9    Int:  4    God:    Trog [****..]
Gold:   101        SH:  5    Dex: 10    Spells: 8/8 levels left

rFire   . . .        r - +0 war axe
rCold   . . .        c - +0 buckler
rNeg    . . .        B - +0 chain mail
rPois   .            (helmet restricted)
rElec   .            F - +2 cloak
rCorr   .            C - +0 pair of gloves
SInv    .            k - +2 pair of boots
Will    .....        (no amulet) Stlth
                     (no ring)
HPRegen 0.33/turn    (no ring)
MPRegen 0.11/turn

%: no passive effects
@: about to teleport
A: horns 2, retaliatory headbutt
a: Renounce Religion, Berserk, Trog's Hand, Brothers in Arms


You were in a bailey.
You worshipped Trog.
Trog was greatly pleased with you.
You visited 1 branch of the dungeon, and saw 7 of its levels.
You also visited: Bailey.

You collected 487 gold pieces.
You spent 386 gold pieces at shops.

Inventory:

Hand Weapons
 a - a +0 hand axe
 r - a +0 war axe (weapon)
 G - a +0 broad axe
Missiles
 l - 13 poisoned darts
 m - 5 boomerangs
Armour
 b - a +0 animal skin
 c - a +0 buckler (worn)
 h - a +0 ring mail
 k - a +2 pair of boots (worn)
 p - a +0 scale mail
 B - a +0 chain mail (worn)
 C - a +0 pair of gloves (worn)
 F - a +2 cloak (worn)
Wands
 o - a wand of light (16)
 z - a wand of paralysis (10)
Scrolls
 f - 4 scrolls of identify {unknown}
 g - 2 scrolls of teleportation
 i - 4 scrolls of fear {unknown}
 n - 2 scrolls of poison
 u - 2 scrolls of amnesia {unknown}
 v - a scroll of vulnerability {unknown}
 w - a scroll of fog {unknown}
 x - a scroll of silence {unknown}
 y - a scroll of enchant weapon {unknown}
 D - a scroll of immolation {unknown}
 E - a scroll of blinking
Potions
 d - 2 potions of heal wounds {unknown}
 e - 2 potions of haste {unknown}
 j - a potion of resistance {unknown}
 q - 3 potions of attraction {unknown}
 s - 3 potions of curing {unknown}
 t - a potion of enlightenment {unknown}
 A - a potion of brilliance {unknown}


   Skills:
 + Level 7.5 Fighting
 * Level 13.8 Axes
 - Level 5.0 Armour
 - Level 2.1 Dodging
 - Level 5.0 Shields


You had 8 spell levels left.
You didn't know any spells.
Your spell library was empty.

Dungeon Overview and Level Annotations

Branches:
Dungeon (7/15)             Temple (0/1) D:7          Bailey (1/1)

Altars:
Ashenzari
Gozag
Ru
Xom

Shops:
D:3 ?[**[

Annotations:
D:6 2 transporters


Innate Abilities, Weirdness & Mutations

You have a pair of horns on your head.
You reflexively headbutt those who attack you in melee.


Message History

You start resting.
HP restored.
There is an open door here.
There is an open door here.
An electric eel comes into view.
The electric eel shoots out a bolt of lightning at you!
The bolt of electricity hits you.
The electric eel shoots out a bolt of lightning at you!
The bolt of electricity hits you.
The electric eel shoots out a bolt of lightning at you!
The bolt of electricity hits you!
The electric eel shoots out a bolt of lightning at you!
The bolt of electricity hits you!
An orc knight comes into view. It is wielding a +0 war axe.
The electric eel shoots out a bolt of lightning at you!
The bolt of electricity hits you. The bolt of electricity hits you!
As you read the scroll of teleportation, it crumbles to dust.
You feel strangely unstable.
You barely miss the electric eel. Your headbutt misses the electric eel.
The electric eel shoots out a bolt of lightning at you!
The bolt of electricity hits you!
* * * LOW HITPOINT WARNING * * *
The bolt of electricity hits you.
* * * LOW HITPOINT WARNING * * *
The bolt of electricity hits the electric eel.
The electric eel completely resists.
The electric eel shoots out a bolt of lightning at you!
The bolt of electricity hits you.
* * * LOW HITPOINT WARNING * * *
The bolt of electricity hits you!
* * * LOW HITPOINT WARNING * * *
The electric eel shoots out a bolt of lightning at you!
The bolt of electricity hits you.
* * * LOW HITPOINT WARNING * * *
Blink to where?
Press: ? - help, Q - select action, (/) - cycle Dir - move target
As you read the scroll of blinking, it crumbles to dust.
The electric eel shoots out a bolt of lightning at you!
The bolt of electricity hits you!
You die...

≈≈≈≈≈≈≈≈≈≈≈≈≈≈≈≈≈≈≈≈≈≈≈≈≈
≈≈≈≈≈≈≈≈≈≈≈≈≈≈≈≈≈≈≈≈≈≈≈≈≈
≈≈≈≈≈≈≈≈≈≈≈≈≈≈≈≈≈≈≈≈≈≈≈≈≈
≈≈≈≈≈≈≈≈≈≈≈≈≈≈≈≈≈≈≈≈≈≈≈≈≈
≈≈≈≈≈≈≈≈S≈≈≈≈≈≈≈≈≈≈≈≈≈≈
≈≈≈≈≈≈≈≈≈≈≈≈≈≈≈≈≈≈≈≈≈
####~S~~~~~~~~~~~####
#..'.o.§......@..'..#
#..###############..#+# #..
#......)#...).'....# #
#.8.8.8.[...).#....#≈≈≈≈≈#
######.).##############.#≈≈≈≈≈#
~.#......# [#.~≈≈≈≈≈#
~.#..)...# #.~≈≈≈≈≈# ~.#')#####
#.~≈≈≈≈≈# ~.#.....#
#######.~≈≈≈≈≈#


You could see an electric eel.

Vanquished Creatures
  An orc sorcerer (Bailey)
  A kobold demonologist (Bailey)
  A komodo dragon (D:6)
  A water moccasin (D:7)
  10 orc warriors (Bailey)
  A black bear (D:5)
  An ogre (D:5)
  2 phantoms (D:6)
  4 scorpions
  4 electric eels (Bailey)
  5 hounds
  3 jellies
  2 iguanas
  3 orc wizards
  7 adders
  8 gnolls
  A white imp (D:6)
  2 ufetubi
  2 worms (D:3)
  2 dart slugs
  16 orcs
  5 ball pythons
  9 bats
  12 endoplasms
  5 giant cockroaches
  16 goblins
  14 hobgoblins
  8 kobolds
  4 quokkas
  8 frilled lizards
  3 rats
161 creatures vanquished.

Notes
Turn   | Place    | Note
-------+----------+-------------------------------------------
     0 | D:1      | Joey1 the Minotaur Berserker began the quest for the Orb.
     0 | D:1      | Reached XP level 1. HP: 19/19 MP: 0/0
   140 | D:1      | Reached XP level 2. HP: 27/27 MP: 1/1
   142 | D:1      | Reached skill level 4 in Axes
   230 | D:1      | Reached skill level 1 in Shields
   431 | D:1      | Reached XP level 3. HP: 33/33 MP: 2/2
   921 | D:2      | Reached ** piety under Trog
  1263 | D:3      | Found an opulent altar of Gozag.
  1304 | D:3      | Reached XP level 4. HP: 26/40 MP: 3/3
  1485 | D:3      | Found Cyrawiodwe's Magic Scroll Shop.
  1493 | D:3      | Bought a scroll of revelation for 82 gold pieces
  1493 | D:3      | Bought a scroll of teleportation for 33 gold pieces
  1642 | D:3      | Found Zime's Armour Boutique.
  1668 | D:3      | Found a shimmering altar of Xom.
  1781 | D:3      | Found Gozag's Platinum Reserve.
  1788 | D:3      | Found Ruukk's Armour Boutique.
  1935 | D:3      | Found Erankow's Assorted Antiques.
  1942 | D:3      | Bought a scroll labelled JYW TIFITTEA for 28 gold pieces
  1942 | D:3      | Bought a scroll labelled WUICAI WAFF for 28 gold pieces
  1942 | D:3      | Bought a scroll labelled ECUENT WUOGU for 28 gold pieces
  2030 | D:3      | Reached skill level 5 in Axes
  2038 | D:3      | Reached XP level 5. HP: 43/47 MP: 4/4
  2043 | D:3      | Reached *** piety under Trog
  2112 | D:3      | Bought a scroll labelled YPSEGAD HAOKHA for 28 gold pieces
  2532 | D:4      | Reached skill level 6 in Axes
  2532 | D:4      | Reached XP level 6. HP: 46/55 MP: 5/5
  2830 | D:5      | Entered Level 5 of the Dungeon
  2842 | D:5      | Reached skill level 5 in Fighting
  3002 | D:5      | Reached XP level 7. HP: 56/61 MP: 6/6
  3022 | D:5      | Found a sacrificial altar of Ru.
  3055 | D:5      | Reached skill level 7 in Axes
  3343 | D:5      | Reached skill level 5 in Armour
  3343 | D:5      | Noticed a yak
  3357 | D:5      | Noticed a yak
  3361 | D:5      | Noticed a yak
  3370 | D:5      | Found a broken altar of Ashenzari.
  3547 | D:3      | Bought a scroll of teleportation for 33 gold pieces
  3547 | D:3      | Bought a scroll of blinking for 82 gold pieces
  3547 | D:3      | Bought a scroll of poison for 44 gold pieces
  3705 | D:6      | Reached **** piety under Trog
  3706 | D:6      | Reached skill level 8 in Axes
  3706 | D:6      | Reached skill level 5 in Shields
  3766 | D:6      | Identified the +2 kite shield of Altruism {Rampage *Slow
                  | rC- rN++}
  4187 | D:6      | Noticed a komodo dragon
  4194 | D:6      | Reached XP level 8. HP: 62/68 MP: 7/7
  4208 | D:6      | Reached skill level 9 in Axes
  4226 | D:6      | Killed a komodo dragon
  4227 | D:6      | Reached skill level 10 in Axes
  4462 | D:6      | Found a transporter.
  4467 | D:6      | Found a transporter.
  4468 | D:6      | Identified the amulet "Lied" {Faith Fly}
  4586 | D:7      | Found a flagged portal.
  4594 | Bailey   | Entered a bailey
  4752 | Bailey   | Reached skill level 11 in Axes
  4904 | Bailey   | Reached skill level 12 in Axes
  4923 | Bailey   | Reached XP level 9. HP: 53/74 MP: 8/8
  5363 | Bailey   | Noticed a kobold demonologist
  5372 | Bailey   | Killed a kobold demonologist
  5443 | Bailey   | Reached skill level 13 in Axes
  5671 | Bailey   | Noticed an orc sorcerer
  5678 | Bailey   | Killed an orc sorcerer
  5811 | Bailey   | Noticed an orc knight
  5815 | Bailey   | HP: 3/79 [electric eel/bolt of electricity (6)]
  5816 | Bailey   | Killed from afar by an electric eel

Illustrated notes

Levels and vault maps discovered:
D:1:      shiori_arrival_elements, layout_basic, chequers_mini_garden
D:2:      layout_rooms
D:3:      minmay_recursive_quarters, layout_basic, tgw_xom,
          nicolae_gozag_zags_fifth_avenue, serial_shops, shop,
          nicolae_shop_peninsula, nicolae_shop_gibbet_a_chance, shop,
          minmay_starry_boxes
D:4:      layout_rooms
D:5:      layout_rooms, evilmike_ruin_ashenzari, mainiacjoe_overflow_paths,
          serial_corexii_hall, corexii_hall_statues_s,
          chequers_hall_statues_corner_a, corexii_hall_statues_s,
          chequers_hall_statues_y, minmay_misc_feat_nine_boxes, corexii_shack
D:6:      minmay_chambers_of_fours, layout_loops_ring,
          gammafunk_ghost_gnarly_gnolls, minmay_stone_trees_small
D:7:      layout_layer_cave, mainiacjoe_overflow_cross_hatched,
          mainiacjoe_overflow_catwalk, minmay_temple_entry_tees, enter_bailey_5,
          uniq_prince_ribbit1
Bailey:   bailey_axe_of_yendor_kennysheep, bailey

Skill      XL: |  1  2  3  4  5  6  7  8  9 |
---------------+----------------------------+-----
Axes           | 4 5 6 8 12 13 | 13.8
Shields        | 1 2 3 5 |  5.0
Fighting       | 4 5 7 |  7.5
Armour         | 3 4 5 |  5.0
Dodging        | |  2.1

Action                     |  1- 3 |  4- 6 |  7- 9 || total
---------------------------+-------+-------+-------++-------
  Melee: Hand axe          |    77 |   126 |   141 ||   344
         Headbutt          |     8 |    23 |    39 ||    70
         War axe           |       |       |   100 ||   100
 Invoke: Berserk           |       |       |     4 ||     4
         Trog's Hand       |       |       |     2 ||     2
    Use: Scroll            |       |       |     4 ||     4
   Stab: Sleeping          |     1 |       |       ||     1
 Armour: Animal skin       |    15 |       |       ||    15
         Ring mail         |    19 |       |       ||    19
         Scale mail        |       |    27 |       ||    27
         Chain mail        |       |    32 |   261 ||   293
  Dodge: Dodged            |    43 |    42 |   102 ||   187
  Block: Buckler           |     9 |    16 |    35 ||    60

Table legend: (Time is in decaauts)
 A = Elapsed time spent in this place.
 B = Non-inter-level travel time spent in this place.
 C = Inter-level travel time spent in this place.
 D = Time resting spent in this place.
 E = Time spent auto-exploring this place.
 F = Levels seen in this place.
 G = Mean time per level.
                   A        B        C        D        E       F      G
               +--------+--------+--------+--------+--------+-----+--------+
         Total |   5858 |   5456 |    402 |   1074 |   3060 |   8 |  732.2 |
       Dungeon |   4634 |   4232 |    402 |    312 |   3060 |   7 |  662.0 |
        Bailey |   1224 |   1224 |      0 |    761 |      0 |   1 | 1224.0 |
               +--------+--------+--------+--------+--------+-----+--------+

Top non-repeatable levels by time:
  Bailey: 1224 daAuts
     D:3: 1000 daAuts
     D:6: 940 daAuts
     D:1: 816 daAuts
     D:5: 716 daAuts
     D:4: 654 daAuts
     D:2: 447 daAuts
     D:7: 57 daAuts
